 Dungeon Crawl Stone Soup version 0.30-a0-134-gb40fab5c76 (webtiles) character file.

Game seed: 2130951528234595120

364 ytrimaz the Changer (level 6, -14/45 HPs)
             Began as an Octopode Transmuter on Sept 19, 2022.
             Demolished by an ogre
             ... wielding a +0 giant club
              (22 damage)
             ... on level 4 of the Dungeon.
             The game lasted 00:05:47 (4519 turns).

ytrimaz the Changer (Octopode Transmuter)           Turns: 4519, Time: 00:05:48

Health: -14/45     AC:  6    Str:  9    XL:     6   Next: 67%
Magic:  6/11       EV: 10    Int: 17    God:
Gold:   191        SH:  0    Dex: 13    Spells: 2/12 levels left

rFire   x . .      SeeInvis .      - Unarmed
rCold   + + +      Faith    .    (shield currently unavailable)
rNeg    . . .      Spirit   .    (helmet currently unavailable)
rPois   +          Reflect  .    (no amulet)
rElec   .          Harm     .    b - ring of flight
rCorr   .          Rampage  .    (no ring)
Will    .....                    (no ring)
Stlth   +.........               (no ring)
HPRegen 0.15/turn                (no ring)
MPRegen 0.12/turn                (no ring)
                                 (no ring)
                                 (no ring)

@: ice-form, wereblooded, flying
A: freezing attack, boosted hp, almost no armour, amphibious, 8 rings, large,
(camouflage 1), (gelatinous body 1), (nimble swimmer 1), (tentacles)
a: End Transformation


You were on level 4 of the Dungeon.
You were a creature of crystalline ice.
You visited 1 branch of the dungeon, and saw 4 of its levels.

You collected 271 gold pieces.
You spent 80 gold pieces at shops.


Innate Abilities, Weirdness & Mutations

You are a creature of crystalline ice.
You have a powerful freezing melee attack.
Your maximum health is increased.
Your armour is entirely melded.
You are incapable of wielding weapons or throwing items.
You cannot wear most types of armour.
You are amphibious.
You can wear up to eight rings at the same time.
((Your skin changes colour to match your surroundings (Stealth+).))
((Your rubbery body absorbs attacks. (AC +1, EV +1)))
((You are camouflaged when in or above water. (Stealth+)))
((You have tentacles for arms and can constrict up to eight enemies at once.))


   Skills:
 - Level 1.0 Fighting
 - Level 2.0 Dodging
 - Level 3.0 Unarmed Combat
 + Level 3.5 Spellcasting
 + Level 4.4 Transmutations
 * Level 1.4 Ice Magic
 - Level 4.0 Poison Magic


You had 2 spell levels left.
You knew the following spells:

 Your Spells              Type           Power      Damage    Failure   Level
a - Beastly Appendage     Tmut           36%        N/A       2%          1
b - Wereblood             Tmut           18%        N/A       4%          2
c - Spider Form           Tmut/Pois      17%        N/A       9%          3
d - Ice Form              Ice/Tmut       13%        N/A       45%         4

Your spell library contained the following spells:

 Spells                   Type           Power      Damage    Failure   Level


Inventory:

Jewellery
 b - a ring of flight (left front paw)
   (You found it on level 1 of the Dungeon)
Wands
 a - a wand of light (5)
   (You took it off Blork the orc on level 4 of the Dungeon)
Scrolls
 f - a scroll of acquirement
 k - a scroll of noise {unknown}
 l - a scroll of teleportation
Potions
 d - 2 potions of flight
 e - a potion of brilliance
 g - 2 potions of invisibility {unknown}
 h - 2 potions of heal wounds {unknown}
 i - a potion of mutation
 j - a potion of resistance {unknown}

Dungeon Overview and Level Annotations

Branches:
Dungeon (4/15) Zot: 19487
 Temple: D:4-7

Altars:
Nemelex Xobeh
Vehumet
Yredelemnul
The Shining One

Shops:
D:3 !

Annotations:
D:4 Robin

#.............
#............#
#..!.........#
#............#
#..≈≈≈≈≈≈...#
#..≈≈≈≈≈≈...#
#.g≈≈.>≈≈...# ##.###
#†§≈_)≈≈..# #....#
#.Y≈≈≈≈≈..# ##.....
##O≈≈≈≈≈≈.## #.)....
#...)g..$.# ##......
#...........###.......
####..........#.......
##.....##..........
##...#####).......
##..# #........ #...
#........


You could see an ogre, Robin and a goblin.


Message History

Robin throws the goblin at you! The goblin closely misses you. 😎 MP[-1]
You lost 1 mp, and now have 10/11 mp.
Unknown command.
The goblin barely misses you.
Unknown command.
You barely miss the goblin. You grab the goblin.
You pierce the goblin.
You kill the goblin!
Robin throws the goblin at you! The goblin barely misses you.
Unknown command. 😕 HP[-3]
You take 3 damage, and now have 35/38 hp.
A goblin comes into view. It is wielding a +1 vampiric dagger.
Robin throws the goblin at you! The goblin hits you with a +0 dagger.
The goblin hits you with a +0 club.
There is a fountain of clear blue water here.
Things that are here:
a +0 dagger; a goblin corpse; 😮 HP[-9]
You take 9 damage, and now have 26/38 hp.
MASSIVE DAMAGE!! (PAUSE)
The goblin barely misses you. The goblin attacks as you move away!
The goblin misses you.
Robin roars a battlecry!
The goblins go into a battle-frenzy!
Unknown command.
Casting: Beastly Appendage (safe; 2% risk of failure)
Confirm with . or Enter, or press ? or * to list all spells.
The spell is extremely dangerous to miscast (45% risk of failure)!
Continue anyway?
Your tentacle spike disappears.
You turn into a creature of crystalline ice. 😮 HP[+5] MP[-4]
You now have 45 max hp (+7).
You regained 5 hp, and now have 31/45 hp.
You lost 4 mp, and now have 6/11 mp.
Unknown command.
The goblin hits you but does no damage. The goblin barely misses you.
Casting: Ice Form (extremely dangerous; 45% risk of failure)
Confirm with . or Enter, or press ? or * to list all spells.
Your blood is infused with primal strength.
The goblin hits you but does no damage.
The goblin barely misses you. 😮 HP[+1] MP[-1]
You lost 1 mp, and now have 5/11 mp.
Unknown command.
You are too injured to fight recklessly!
You are too injured to fight recklessly!
Unknown command.
You are too injured to fight recklessly!
Unknown command.
You are too injured to fight recklessly!
You punch the goblin! You freeze the goblin.
You feel a bit better.
You kill the goblin!
Robin throws the goblin at you!
The goblin hits you but does no damage. x2 😕 HP[+2]
You regained 2 hp, and now have 34/45 hp.
You punch the goblin! You freeze the goblin.
You feel a bit better.
You kill the goblin!
The goblin hits you with a +0 dagger. 😮 HP[-1]
You take 1 damage, and now have 33/45 hp.
Unknown command.
You hit the goblin. You freeze the goblin.
You feel a bit better.
You kill the goblin!
Robin says, "My goblins will feast on your bones." 😕 HP[+3]
You regained 3 hp, and now have 36/45 hp.
The hobgoblin hits you but does no damage.
The hobgoblin barely misses you.
You punch the hobgoblin! You freeze the hobgoblin.
You feel a bit better.
You kill the hobgoblin!
The goblin closely misses you. The hobgoblin hits you.
You hit the hobgoblin. You freeze the hobgoblin.
You feel a bit better.
You kill the hobgoblin!
The goblin hits you with a +0 club. 😕 HP[-1]
You take 1 damage, and now have 35/45 hp.
You hit the goblin. You freeze the goblin.
You feel a bit better.
You kill the goblin!
Robin zaps a wand.
The puff of flame misses you.
The puff of flame hits the goblin!
The goblin dies! 😕 HP[+1] MP[+1] Unknown command.
You hit the goblin. You freeze the goblin.
You feel a bit better.
You kill the goblin!
You howl as the wereblood boils in your veins!
You are engulfed in a cloud of scalding steam.
Robin zaps a wand.
The puff of flame hits you! The fire burns you terribly!
* * * LOW HITPOINT WARNING * * *
The goblin is engulfed in a cloud of scalding steam.
The goblin dies! 😨 HP[-20]
You take 20 damage, and now have 16/45 hp.
MASSIVE DAMAGE!! (PAUSE)
You punch the ogre! You freeze the ogre.
You are engulfed in a cloud of scalding steam.
* * * LOW HITPOINT WARNING * * *
The goblin no longer looks unusually strong.
The ogre hits you with a +0 giant club!!
You die...

Skill      XL: |  1  2  3  4  5  6 |
---------------+-------------------+-----
Poison Magic   | 1 2 4 |  4.0
Spellcasting   | 3 |  3.5
Transmutations | 4 |  4.4
Ice Magic      | 1 |  1.4
Fighting       | |  1.0
Dodging        | |  2.0
Unarmed Combat | |  3.0

Action                   |  1- 3 |  4- 6 || total
-------------------------+-------+-------++-------
Melee: Unarmed           |    90 |    72 ||   162
       Tentacles         |    22 |     8 ||    30
       Constrict         |    25 |     9 ||    34
       Kick              |    18 |     5 ||    23
       Punch             |     2 |     2 ||     4
 Cast: Beastly Appendage |    20 |     5 ||    25
       Spider Form       |     1 |     3 ||     4
       Wereblood         |     1 |     1 ||     2
       Ice Form          |       |     1 ||     1
  Use: Scroll            |     3 |     2 ||     5
       Potion            |       |     4 ||     4
 Stab: Sleeping          |     9 |     5 ||    14
Armor: Skin              |    10 |    22 ||    32
Dodge: Dodged            |    48 |    56 ||   104

Levels and vault maps discovered:
D:1:      heliophobic_arrival_glass_houses, layout_basic
D:2:      layout_loops_ring
D:3:      layout_loops_cross, serial_shops, nicolae_shop_waterfront
D:4:      layout_cave_pods, general_overflow_altar,
          chequers_temple_overflow_minitemple,
          minmay_temple_entry_statues_fountains, uniq_robin, uniq_sigmund,
          uniq_blork_the_orc

Notes
Turn   | Place    | Note
-------+----------+-------------------------------------------
     0 | D:1      | ytrimaz the Octopode Transmuter began the quest for the
                  | Orb.
     0 | D:1      | Reached XP level 1. HP: 13/13 MP: 3/3
     0 | D:1      | magus.rc [v1.9.6]
    93 | D:1      | Reached skill level 1 in Poison Magic
   161 | D:1      | Reached XP level 2. HP: 14/18 MP: 3/5
   424 | D:1      | Learned a level 2 spell: Wereblood
   551 | D:1      | Identified a scroll of acquirement
   656 | D:1      | Reached skill level 2 in Poison Magic
   701 | D:1      | Reached XP level 3. HP: 20/23 MP: 6/6
   705 | D:1      | Learned a level 3 spell: Spider Form
  1269 | D:2      | HP: 5/23 [kobold/stone (1)]
  2011 | D:2      | Reached XP level 4. HP: 26/28 MP: 5/7
  2154 | D:2      | Reached skill level 3 in Poison Magic
  2499 | D:3      | Found Masarrew's Distillery.
  2511 | D:3      | Bought a potion of mutation for 80 gold pieces
  3276 | D:4      | Noticed Sigmund
  3283 | D:4      | HP: 2/28 [acid (8)]
  3684 | D:4      | Killed Sigmund
  3685 | D:4      | Reached skill level 3 in Spellcasting
  3685 | D:4      | Reached skill level 4 in Transmutations
  3685 | D:4      | Reached skill level 4 in Poison Magic
  3685 | D:4      | Reached XP level 5. HP: 33/33 MP: 8/10
  3685 | D:4      | Reached XP level 6. HP: 38/38 MP: 8/11
  3690 | D:4      | Learned a level 4 spell: Ice Form
  4042 | D:4      | Noticed Blork the orc
  4049 | D:4      | HP: 2/38 [Blork the orc/bolt of light (11)]
  4054 | D:4      | Killed Blork the orc
  4055 | D:4      | Reached skill level 1 in Ice Magic
  4286 | D:4      | Found a faded altar of an unknown god.
  4286 | D:4      | Found a radiant altar of Vehumet.
  4344 | D:4      | Found a sparkling altar of Nemelex Xobeh.
  4346 | D:4      | Found a glowing golden altar of the Shining One.
  4348 | D:4      | Found a faded altar of an unknown god.
  4493 | D:4      | Found a basalt altar of Yredelemnul.
  4498 | D:4      | Noticed Robin
  4519 | D:4      | HP: 8/45 [Robin] (8)]
  4519 | D:4      | Demolished by an ogre

Vanquished Creatures
  Sigmund (D:4)
  Blork the orc (D:4)
  A jelly (D:4)
  An adder (D:3)
  2 dart slugs
  An orc (D:3)
  8 ball pythons
  4 bats
  8 endoplasms
  A giant cockroach (D:2)
  13 goblins
  5 hobgoblins
  4 jackals (D:2)
  6 kobolds
  6 quokkas
  8 frilled lizards
  3 rats (D:1)
73 creatures vanquished.

Vanquished Creatures (others)
  2 goblins (D:4)
2 creatures vanquished.

Grand Total: 75 creatures vanquished

Table legend:
 A = Non-vault XP
 B = Vault XP
 C = Vault XP percentage of total XP
 D = Non-vault monster count
 E = Vault monster count
 F = Vault count percentage of total count
                 A         B        C        D         E       F
            +---------+---------+-------+---------+---------+-------
      Total |     163 |     358 |  68.7 |      63 |      10 |  13.7
            +---------+---------+-------+---------+---------+-------
        D:1 |      46 |       0 |   0.0 |      26 |       0 |   0.0
        D:2 |      45 |       0 |   0.0 |      24 |       0 |   0.0
        D:3 |      30 |       0 |   0.0 |      11 |       0 |   0.0
        D:4 |      42 |     358 |  89.5 |       2 |      10 |  83.3
            +---------+---------+-------+---------+---------+-------

Illustrated notes

Table legend:
 A = Kills in this place as a percentage of kills in entire the game.
 B = Kills by you in this place as a percentage of kills by you in the entire game.
 C = Kills by friends in this place as a percentage of kills by friends in the entire game.
 D = Other kills in this place as a percentage of other kills in the entire game.
 E = Experience gained in this place as a percentage of experience gained in the entire game.
 F = Experience gained in this place divided by the number of levels of this place that you have seen.
                   A       B       C       D       E      F
               +-------+-------+-------+-------+-------+----------------------
         Total | 100.0 | 100.0 |   N/A |   N/A | 100.0 | 130.2
       Dungeon | 100.0 | 100.0 |   N/A |   N/A | 100.0 | 130.2
               +-------+-------+-------+-------+-------+----------------------

Table legend: (Time is in decaauts)
 A = Elapsed time spent in this place.
 B = Non-inter-level travel time spent in this place.
 C = Inter-level travel time spent in this place.
 D = Time resting spent in this place.
 E = Time spent auto-exploring this place.
 F = Levels seen in this place.
 G = Mean time per level.
                   A        B        C        D        E       F      G
               +--------+--------+--------+--------+--------+-----+--------+
         Total |   4511 |   4449 |     62 |    710 |   3189 |   4 | 1127.8 |
       Dungeon |   4511 |   4449 |     62 |    710 |   3189 |   4 | 1127.8 |
               +--------+--------+--------+--------+--------+-----+--------+

Top non-repeatable levels by time:
     D:1: 1518 daAuts
     D:4: 1247 daAuts
     D:2: 923 daAuts
     D:3: 821 daAuts
